 Dungeon Crawl Stone Soup version 0.18-a0-1797-gc18daef (webtiles) character file.

760 M4edhros the Martial Artist (level 7, 0/36 HPs)
             Began as an Octopode Necromancer on Apr 22, 2016.
             Was an Initiate of Cheibriados.
             Slain by a gnoll
             ... wielding a +0 spear
              (9 damage)
             ... on level 5 of the Dungeon.
             The game lasted 00:11:44 (1653 turns).

M4edhros the Martial Artist (Octopode Necromancer)  Turns: 1653, Time: 00:11:45

Health: 0/36       AC:  1    Str:  9    XL:     7   Next: 80%
Magic:  7/10       EV: 12    Int: 18    God:    Cheibriados [......]
Gold:   114        SH:  0    Dex: 13    Spells: 3 memorised, 5 levels left

rFire  . . .     SeeInvis .     n - +0 trident (venom)
rCold  + . .     Gourm    .     (no shield)
rNeg   . . .     Faith    .     (helmet restricted)
rPois  .         Spirit   .     (no amulet)
rElec  .         Dismiss  .     f - ring of protection from cold
rCorr  .         Reflect  .     (no ring)
SustAt .         Harm     .     (no ring)
MR     .....                    (no ring)
Stlth  +++.......               (no ring)
                                (no ring)
                                (no ring)
                                (no ring)

@: regenerating (expiring), very slow, not resistant to hostile enchantments,
fairly stealthy
A: almost no armour, amphibious, 8 rings, constrict 8, camouflage 1, blurry
vision 1, clumsy 1, frail 1, gelatinous body 1
a: Bend Time, Renounce Religion


You were on level 5 of the Dungeon.
You worshipped Cheibriados.
Cheibriados was noncommittal.
You were hungry.

You visited 1 branch of the dungeon, and saw 5 of its levels.
You also visited: Sewer.

You collected 114 gold pieces.

Inventory:

Hand Weapons
 d - a +0 hunting sling
 i - a +2 quarterstaff of chaos
 n - a +0 trident of venom (weapon)
 q - a +1 dagger of venom
 s - a +0 blowgun
Missiles
 t - 22 poisoned needles
Magical Staves
 m - an uncursed staff of fire
Jewellery
 f - a ring of protection from cold (left tentacle)
 l - an uncursed amulet of harm
Wands
 h - a wand of flame (14/48)
 w - a wand of disintegration (23/24)
 y - a wand of flame (15/48)
Scrolls
 e - 3 scrolls of remove curse
 g - 2 scrolls of recharging
 j - a scroll of fear {unknown}
 o - a scroll of enchant weapon
 u - 2 scrolls of amnesia {unknown}
Potions
 p - a potion of flight
Books
 a - a book of Necromancy

   Spells                             Type                      Level
   a - Pain                           Necromancy                   1
   b - Animate Skeleton               Necromancy                   1
   c - Vampiric Draining              Necromancy                   3
   d - Regeneration                   Charms/Necromancy            3
   e - Animate Dead                   Necromancy                   4
   f - Control Undead                 Necromancy                   4
Comestibles
 b - 5 bread rations
 c - a beef jerky
 k - 4 chunks of flesh
 r - 2 meat rations
 v - a royal jelly


   Skills:
 - Level 2.0 Dodging
 - Level 2.6 Stealth
 + Level 8.3 Unarmed Combat
 - Level 2.0 Spellcasting
 - Level 4.0 Necromancy


You had 5 spell levels left.
You knew the following spells:

 Your Spells              Type           Power        Failure   Level  Hunger
a - Pain                  Necr           ###.         3%          1    #......
b - Regeneration          Chrm/Necr      #.........   24%         3    ###....
c - Animate Skeleton      Necr           N/A          3%          1    #......


Dungeon Overview and Level Annotations

Branches:
Dungeon (5/15)
 Temple: D:4-7

Altars:
Ashenzari
Cheibriados
Makhleb
Nemelex Xobeh
Okawaru
Vehumet
Xom
Yredelemnul

Annotations:
D:5 Eustachio


Innate Abilities, Weirdness & Mutations

You cannot wear most types of armour.
You are amphibious.
You can wear up to eight rings at the same time.
You can use your tentacles to constrict eight enemies at once.
Your skin changes colour to match your surroundings (Stealth).
Your rubbery body absorbs attacks (AC +1).
Scrolls take you a little longer to read.
You are clumsy. (Dex -2)
You are frail (-10% HP).


Message History

The gnoll closely misses you. The gnoll hits you!
* * * LOW HITPOINT WARNING * * *
Your hound skeleton closely misses Eustachio.
Eustachio barely misses your hound skeleton.
Drink which item? (? for menu, Esc to quit)
Okay, then.
Evoke which item? (* to show all) (? for menu, Esc to quit)
Okay, then.
Okay, then.
Drink which item? (? for menu, Esc to quit)
Okay, then.
Evoke which item? (* to show all) (? for menu, Esc to quit)
Zapping:
w - a wand of disintegration (24/24)
Press: ? - help, Shift-Dir - straight line The gnoll struggles to resist.
This wand has 23 charges left.
You constrict the gnoll.
Your hound skeleton barely misses Eustachio.
The river rat barely misses your hound skeleton.
The gnoll hits you from afar with a spear!
You die...

#....#.##.#
#......##.##
#..........#
#..........#
#..........#
#######r@.......#######
......gZ..............#
#####gZ#####.........#
##@# #.........# #.#
#.........# #.#
#.........# #.#
#.........# #.#
#.........# #.#
#.........# #.#
########### #.#


You could see Eustachio, 2 gnolls, a river rat, a friendly giant newt skeleton
and a friendly hound skeleton.

Vanquished Creatures
  A yak (D:5)
  Duvessa (D:4)
  Purgy (Sewer)
  An ogre (D:5)
  Dowan (D:4)
  A howler monkey (D:4)
  2 hounds
  Crazy Yiuf (D:4)
  An orc priest (D:4)
  A worker ant (D:5)
  A hound skeleton (D:4)
  4 adders
  2 dart slugs (D:4)
  5 giant geckos
  6 orcs
  5 giant cockroaches
  2 goblins (D:1)
  4 hobgoblins (D:3)
  6 kobolds
  A quokka (D:3)
  A bat (D:3)
  4 giant newts
  A quokka skeleton (D:3)
  2 rats
55 creatures vanquished.

Notes
Turn   | Place    | Note
--------------------------------------------------------------
     0 | D:1      | M4edhros the Octopode Necromancer began the quest for the Orb.
     0 | D:1      | Reached XP level 1. HP: 11/11 MP: 3/3
    42 | D:1      | Reached skill level 1 in Unarmed Combat
   177 | D:1      | Reached XP level 2. HP: 15/17 MP: 1/5
   276 | D:3      | Reached skill level 2 in Unarmed Combat
   324 | D:3      | Gained mutation: Scrolls take you a little longer to read. [potion of mutation]
   324 | D:3      | Gained mutation: You are clumsy. (Dex -2) [potion of mutation]
   324 | D:3      | Gained mutation: You are frail (-10% HP). [potion of mutation]
   378 | D:3      | Reached XP level 3. HP: 8/18 MP: 6/6
   399 | D:3      | Learned a level 3 spell: Regeneration
   446 | D:3      | Found a glowing drain.
   461 | Sewer    | Entered a sewer
   488 | Sewer    | Reached skill level 3 in Unarmed Combat
   536 | Sewer    | Noticed Purgy
   568 | Sewer    | Killed Purgy
   568 | Sewer    | Reached skill level 4 in Unarmed Combat
   568 | Sewer    | Reached XP level 4. HP: 13/24 MP: 7/7
   568 | Sewer    | Reached XP level 5. HP: 14/27 MP: 8/8
   661 | D:3      | Learned a level 1 spell: Animate Skeleton
   795 | D:3      | Reached skill level 5 in Unarmed Combat
   847 | D:4      | Noticed Duvessa
   847 | D:4      | Noticed Dowan
   858 | D:4      | Killed Duvessa
   858 | D:4      | Reached XP level 6. HP: 23/32 MP: 9/9
   860 | D:4      | Killed Dowan
   860 | D:4      | Reached skill level 6 in Unarmed Combat
   935 | D:5      | Entered Level 5 of the Dungeon
   943 | D:5      | Noticed a yak
   944 | D:5      | Found a snail-covered altar of Cheibriados.
  1050 | D:4      | Noticed Crazy Yiuf
  1070 | D:4      | Killed Crazy Yiuf
  1212 | D:4      | Found a shattered altar of Ashenzari.
  1221 | D:4      | Found a radiant altar of Vehumet.
  1223 | D:4      | Found an iron altar of Okawaru.
  1223 | D:4      | Found a shimmering altar of Xom.
  1224 | D:4      | Found a sparkling altar of Nemelex Xobeh.
  1226 | D:4      | Found a burning altar of Makhleb.
  1227 | D:4      | Found a basalt altar of Yredelemnul.
  1256 | D:4      | Reached XP level 7. HP: 30/36 MP: 10/10
  1299 | D:4      | Reached skill level 7 in Unarmed Combat
  1461 | D:5      | Killed a yak
  1481 | D:5      | Became a worshipper of Cheibriados the Contemplative
  1548 | D:5      | Reached skill level 8 in Unarmed Combat
  1640 | D:5      | Noticed Eustachio
  1653 | D:5      | Slain by a gnoll

Vault maps used:
D:1:      saegor_arrival_miasma
D:2:      fedhas_altar_1
D:3:      portal_sewer_entry_f, kennysheep_generic_room_15
D:4:      minitemple, uniq_duvessa, uniq_crazy_yiuf_cottage
D:5:      wad_crossroads, nicolae_ru_sacrificial_ziggurat,
          nicolae_gozag_zags_fifth_avenue, first_bread,
          hangedman_feature_mirror, uniq_eustachio
Sewer:    kennysheep_door_sewer

Skill      XL: |  1  2  3  4  5  6  7 |
---------------+----------------------+-----
Unarmed Combat | 1 2 4 5 6 8 |  8.3
Dodging        | |  2.0
Stealth        | |  2.6
Spellcasting   | |  2.0
Necromancy     | |  4.0

Action                   |  1- 3 |  4- 6 |  7- 9 || total
-------------------------+-------+-------+-------++-------
Melee: Unarmed           |    22 |     7 |       ||    29
       Constrict         |     6 |    13 |     6 ||    25
       Tentacles         |     3 |     9 |     6 ||    18
       Trident           |    30 |    33 |    24 ||    87
       Quarterstaff      |       |    11 |     9 ||    20
       Punch             |       |       |     2 ||     2
 Fire: Blowgun           |       |     6 |     7 ||    13
 Cast: Pain              |    16 |       |       ||    16
       Regeneration      |     5 |     7 |    10 ||    22
       Animate Skeleton  |       |     7 |     2 ||     9
Evoke: Wand              |       |       |     1 ||     1
  Use: Potion            |     4 |     2 |     1 ||     7
       Scroll            |       |     2 |     7 ||     9
 Stab: Sleeping          |     4 |     9 |     3 ||    16
  Eat: Chunk             |       |     4 |     1 ||     5
       Royal jelly       |       |       |     1 ||     1
Armor: Skin              |     1 |     1 |     1 ||     3
Dodge: Dodged            |    23 |    33 |    23 ||    79
